AoeStats
← sidhant1608

Arena

510474978Analyzed
3v3 RM · 19h ago on Oct 1, 2026· 77m 2s· 6 players
Game mode
Random Map
Map size
Normal (6 player)
Population
200
Speed
Normal
Resources
Standard
Victory
Conquest
Starting age
Dark Age
Ending age
Imperial Age
RankedLock teamsTeams togetherTeam positionsShared explorationLock speedFull tech treeHidden civsTurbo modeCheats
Victory
Defeat
🇲🇽 Mapuche · Mexico
1146
+14
🇨🇳 Italians · China
1138
+15
🇲🇽 Danes · Mexico
1102
+16
🇺🇸 Maya · United States
1283
-21
🇮🇳 Mongols · India
1129
-16
🇮🇳 Huns · India
923
-27
Kaiser NTX117
9:32 Feudal Age
13:51 Castle Age
11:48 Double-Bit Axe
11:47 Horse Collar
23:17 Stone Mining
23:19 Gold Mining
23:42 Bow Saw
23:36 Heavy Plow
26:27 Fletching
31:00 Imperial Age
28:17 Loom
29:08 Wheelbarrow
28:20 Town Watch
29:32 Stone Shaft Mining
29:39 Gold Shaft Mining
29:51 Padded Archer Armor
29:47 Bodkin Arrow
30:32 Malon
31:39 Leather Archer Armor
30:58 Elite Skirmisher
33:39 Chemistry
32:51 Elite Bolas Rider
35:05 Hand Cart
34:51 Town Patrol
36:07 Ballistics
35:29 Treadmill Crane
36:02 Masonry
40:06 Butalmapu
40:26 Conscription
42:18 Crop Rotation
46:15 Architecture
45:52 Siege Engineers
46:14 Forging
46:05 Scale Mail Armor
46:37 Ring Archer Armor
46:08 Scale Mail Armor
46:18 Forging
47:38 Murder Holes
61:01 Elite Skirmisher
62:21 Iron Casting
62:42 Caravan
74:15 Champi Runner
74:44 Arson
75:55 Pikeman
77:44 Blast Furnace
77:00 Chain Mail Armor
76:37 Halberdier
dantealhz
10:32 Feudal Age
10:22 Loom
15:59 Castle Age
14:03 Gold Mining
14:01 Double-Bit Axe
17:52 Fervor
20:51 Wheelbarrow
20:02 Town Watch
22:45 Horse Collar
27:13 Stone Mining
27:49 Heavy Plow
28:17 Scale Mail Armor
35:06 Imperial Age
33:00 Hand Cart
34:15 Gold Shaft Mining
34:16 Stone Shaft Mining
34:33 Bow Saw
35:38 Forging
35:44 Chain Mail Armor
35:20 Fletching
37:14 Chemistry
36:24 Siege Engineers
36:43 Ballistics
36:03 Onager
38:03 Conscription
38:46 Siege Onager
40:16 Iron Casting
40:11 Plate Mail Armor
40:10 Squires
39:31 Elite Varangian Guard
39:58 Arson
39:34 Elite Varangian Guard
42:37 Blast Furnace
42:12 Northmen's Fury
43:37 Masonry
43:22 Murder Holes
43:38 Elite Skirmisher
44:24 Thumb Ring
47:43 Bodkin Arrow
47:48 Padded Archer Armor
47:12 Pikeman
47:38 Gambesons
48:02 Capped Ram
49:21 Halberdier
53:18 Scale Barding Armor
53:15 Bracer
53:30 Leather Archer Armor
53:05 Siege Ram
56:03 Light Cavalry
56:53 Bloodlines
56:44 Husbandry
59:06 Caravan
76:06 Heavy Scorpion
285066173
10:29 Feudal Age
14:24 Castle Age
12:58 Double-Bit Axe
15:42 Bow Saw
22:24 Wheelbarrow
23:04 Horse Collar
27:53 Imperial Age
25:33 Gold Mining
25:34 Stone Mining
27:20 Fletching
27:31 Padded Archer Armor
27:38 Loom
28:08 Squires
28:50 Bodkin Arrow
29:11 Leather Archer Armor
30:47 Thumb Ring
31:50 Bracer
33:15 Conscription
34:17 Ring Archer Armor
34:52 Heavy Plow
35:12 Scale Barding Armor
35:18 Forging
36:14 Chemistry
35:35 Ballistics
35:51 Elite Genoese Crossbowman
35:56 Light Cavalry
36:34 Stone Mining
37:09 Husbandry
37:20 Bloodlines
37:11 Hussar
38:52 Chain Barding Armor
39:12 Iron Casting
41:56 Plate Barding Armor
43:51 Blast Furnace
42:52 Scale Mail Armor
52:35 Hand Cart
53:18 Elite Skirmisher
56:36 Two-Man Saw
66:03 Crossbowman
72:05 Caravan
73:41 Coinage
73:22 Guilds
73:43 Treadmill Crane
73:54 Heated Shot
73:51 Town Watch
BoomPichak
10:26 Feudal Age
15:04 Castle Age
14:30 Double-Bit Axe
14:28 Horse Collar
15:16 Light Cavalry
16:13 Loom
18:55 Fervor
22:56 Wheelbarrow
24:59 Husbandry
25:13 Town Watch
29:44 Imperial Age
27:26 Stone Mining
28:02 Bow Saw
29:18 Heavy Plow
29:55 Fletching
30:06 Padded Archer Armor
30:35 Bodkin Arrow
31:17 Conscription
31:15 Padded Archer Armor
32:55 Parthian Tactics
32:19 Elite Mangudai
33:34 Thumb Ring
33:42 Gold Mining
35:10 Hand Cart
35:32 Ballistics
36:19 Chemistry
38:09 Drill
37:12 Onager
38:13 Siege Engineers
38:23 Masonry
39:12 Nomads
40:51 Capped Ram
42:28 Bloodlines
41:39 Hussar
42:28 Bracer
43:48 Hoardings
47:59 Siege Ram
51:12 Leather Archer Armor
50:55 Murder Holes
51:11 Fortified Wall
53:57 Scale Barding Armor
54:03 Forging
65:31 Caravan
sidhant1608
12:11 Feudal Age
12:37 Double-Bit Axe
16:17 Gold Mining
17:50 Horse Collar
21:15 Castle Age
19:39 Scale Barding Armor
19:25 Fletching
19:46 Forging
23:30 Wheelbarrow
24:15 Chain Barding Armor
24:32 Iron Casting
25:46 Bow Saw
25:48 Heavy Plow
26:25 Light Cavalry
27:07 Husbandry
27:59 Hand Cart
30:05 Bodkin Arrow
34:01 Imperial Age
34:17 Cavalier
35:31 Bloodlines
37:07 Gold Shaft Mining
36:25 Stone Mining
37:15 Plate Barding Armor
36:47 Paladin
43:16 Guilds
47:41 Chemistry
47:02 Ballistics
47:50 Blast Furnace
46:52 Bracer
59:51 Caravan
TeKarino
0:27 Loom
12:07 Feudal Age
16:04 Castle Age
14:31 Double-Bit Axe
15:03 Horse Collar
16:02 Gold Mining
17:39 Bow Saw
20:38 Heavy Plow
22:10 Wheelbarrow
23:54 Hand Cart
23:25 Town Watch
31:20 Imperial Age
29:17 Stone Mining
29:56 Fletching
30:07 Padded Archer Armor
30:56 Stone Shaft Mining
30:39 Bodkin Arrow
31:24 Town Patrol
31:35 Padded Archer Armor
32:07 Bracer
33:27 Chemistry
33:30 Caravan
35:02 Masonry
35:14 Ballistics
35:05 Masonry
36:34 Leather Archer Armor
37:12 Elite Plumed Archer
38:13 Conscription
38:47 Thumb Ring
41:49 Architecture
41:55 Hoardings
41:41 Conscription
41:37 Sappers
45:25 Ring Archer Armor
45:47 Coinage
45:42 Herbal Medicine
46:31 Crop Rotation
47:01 Two-Man Saw
48:45 Scale Mail Armor
48:55 Forging
49:20 Banking
53:19 Iron Casting
53:00 Chain Mail Armor
56:33 Treadmill Crane
Connection lost

Rejoining the realm…

Still unreachable

The connection could not be restored.

Session expired

The server has moved on; the page needs a fresh start.